Map: Year Zero LE

Players

Gemini - Winner!

  • Race: Protoss Protoss
  • League: Master
  • Spawn Location: 11:00

pillow

  • Race: Protoss Protoss
  • League: Grandmaster
  • Spawn Location: 1:00

VOD

Have the link to the VOD?

Description

Time

  • Played on: May 9, 2019, 7:03 p.m.
  • Length: 15:36
Show
View Real Time Build Order
Export as new Build Order

Gemini Protoss - Winner!

Build Orders:  

Get SALT Encoding   

  12  0:00  Probe  
  13  0:12  Probe  
  14  0:20  Pylon  
  14  0:25  Probe  
  15  0:34  Probe  
  15  0:42  Probe, Gateway  
  16  0:49  Assimilator  
  17  0:53  Probe  
  18  0:58  Assimilator  
  18  1:02  Probe  
  19  1:12  Probe  
  19  1:15  Gateway  
  20  1:22  Probe  
  21  1:29  Cybernetics Core  
  21  1:34  Probe  
  22  1:46  Probe  
  23  1:49  Pylon  
  23  2:05  Warp Gate  
  23  2:07  Adept x2, Probe  
  28  2:14  Pylon  
  28  2:27  Robotics Facility  
  28  2:37  Stalker  
  28  2:40  Stalker  
  32  2:49  Gateway  
  32  3:00  Pylon  
  32  3:07  Sentry  
  32  3:09  Immortal  
  32  3:10  Sentry  
  38  3:38  Pylon  
  34  3:52  Warp Prism  
  34  3:54  Stalker x2  
  40  4:04  Stalker  
  42  4:24  Pylon  
  42  4:25  Sentry, Stalker  
  46  4:36  Immortal  
  44  4:55  Stalker  
  38  5:09  Stalker  
  38  5:10  Stalker  
  42  5:19  Stalker  
  44  5:36  Sentry  
  44  5:37  Stalker  
  46  6:02  Adept x2  
  46  6:03  Adept  
  50  6:06  Pylon  
  50  6:25  Stalker x3  
  46  6:51  Stalker x3  
  40  7:27  Stalker x3  
  40  7:55  Immortal  
  40  7:57  Stalker x3  
  48  8:20  Adept x2  
  48  8:25  Adept  
  50  8:43  Adept x2  
  50  8:46  Adept  
  54  9:09  Stalker x2  
  42  9:22  Stalker  
  42  9:35  Adept x2  
  46  9:55  Adept x2  
  50  10:05  Sentry  
  52  10:12  Observer  
  52  10:21  Sentry, Stalker  
  57  10:40  Stalker  
  59  10:52  Adept x2  
  63  11:03  Pylon  
  63  11:30  Stalker  
  63  11:31  Stalker  
  67  11:49  Observer  
  67  11:50  Adept  
  69  11:54  Adept  
  49  12:43  Stalker x3  
  41  13:24  Immortal  
  35  13:28  Stalker x3  
  45  14:01  Adept, Sentry  
  49  14:03  Adept  
  51  14:35  Stalker x2  
  49  15:14  Sentry x3  
Show
View Real Time Build Order
Export as new Build Order

pillow Protoss 

Build Orders:  

Get SALT Encoding   

  12  0:00  Probe  
  13  0:12  Probe  
  14  0:19  Pylon  
  14  0:24  Probe  
  15  0:33  Probe  
  15  0:40  Gateway  
  15  0:41  Probe  
  16  0:47  Assimilator  
  17  0:51  Probe  
  17  0:56  Assimilator  
  18  1:00  Probe  
  19  1:08  Probe  
  19  1:14  Gateway  
  19  1:17  Probe  
  21  1:27  Cybernetics Core  
  21  1:30  Probe  
  22  1:42  Probe, Pylon  
  23  1:54  Warp Gate  
  23  2:00  Probe  
  24  2:03  Stalker x2  
  28  2:12  Probe  
  29  2:19  Pylon  
  29  2:35  Stalker  
  31  2:37  Stalker  
  31  2:40  Robotics Facility  
  33  2:50  Shield Battery  
  33  3:05  Stalker  
  33  3:07  Stalker  
  37  3:13  Shield Battery  
  36  3:31  Observer  
  36  3:32  Pylon  
  37  3:46  Immortal  
  37  3:51  Stalker x2  
  45  3:58  Gateway  
  45  4:04  Pylon  
  45  4:21  Stalker  
  47  4:28  Stalker  
  47  4:30  Warp Prism  
  35  5:00  Stalker x3  
  41  5:08  Immortal  
  43  5:30  Sentry  
  43  5:36  Pylon  
  43  5:39  Robotics Bay  
  39  5:59  Sentry  
  39  6:00  Zealot  
  43  6:06  Gateway  
  43  6:08  Gateway  
  43  6:24  Adept  
  43  6:25  Adept  
  47  6:34  Disruptor  
  40  6:47  Zealot  
  35  7:01  Zealot  
  35  7:07  Zealot x2  
  33  7:26  Stalker  
  33  7:27  Stalker  
  33  7:48  Stalker  
  33  7:49  Warp Prism  
  33  7:53  Zealot x2  
  35  8:02  Probe  
  38  8:14  Probe  
  39  8:24  Probe  
  40  8:27  Sentry  
  40  8:32  Probe  
  42  8:40  Adept x2  
  46  9:08  Sentry  
  46  9:09  Disruptor  
  45  9:20  Zealot  
  45  9:23  Pylon  
  42  9:49  Stalker  
  42  9:50  Stalker  
  42  9:51  Sentry  
  41  10:28  Probe  
  42  10:41  Adept  
  42  10:42  Adept x2  
  47  11:00  Disruptor  
  47  11:04  Sentry  
  52  11:26  Probe  
  53  11:34  Probe  
  54  11:42  Observer  
  55  12:28  Adept x2  
  29  12:52  Disruptor  
  27  13:04  Stalker x2  
  31  13:38  Sentry, Stalker  
  35  13:42  Probe  
  35  13:56  Sentry  
  36  14:05  Probe  
  37  14:10  Sentry  
  39  14:25  Disruptor  
  34  15:12  Sentry  
  34  15:13  Stalker  
Tags
 
Add a new tag
Caveats
  • Supply blocks, unpowered buildings, or Contaminate may cause inaccurate times.
  • Supply counts are checked every 10 seconds.